 Dungeon Crawl Stone Soup version 0.27.1-16-g815e20cd7a (webtiles) character file.

Game seed: 718075516673758399

4 Descartes the Ducker (level 1, 0/11 HPs)
             Began as a Felid Wanderer on Nov 22, 2021.
             Frozen to death by an endoplasm (3 damage)
             ... on level 1 of the Dungeon.
             The game lasted 00:00:20 (51 turns).

Descartes the Ducker (Felid Wanderer)                 Turns: 51, Time: 00:00:21

Health: 0/11       AC:  1    Str:  6    XL:     1   Next: 58%
Magic:  2/2        EV: 19    Int: 12    God:
Gold:   0          SH:  0    Dex: 18    Spells: 0/0 levels left
                                        Lives:  0   Deaths: 0

rFire    . . .     SeeInvis +   (weapon unavailable)
rCold    . . .     Faith    .   (shield unavailable)
rNeg     . . .     Spirit   .   (armour unavailable)
rPois    .         Reflect  .   (helmet unavailable)
rElec    .         Harm     .   (cloak unavailable)
rCorr    .         Rampage  .   (gloves unavailable)
Will     .....                  (boots unavailable)
Stlth    +++.......             (no amulet)
HPRegen  0.03/turn              (no ring)
MPRegen  0.08/turn              (no ring)

@: quick
A: very small, claws 1, fangs 3, see invisible, speed 1, shaggy fur 1, stealthy
paws, no weapons or thrown items, no armour, multi-lived
a: no special abilities


You were on level 1 of the Dungeon.
You visited 1 branch of the dungeon, and saw 1 of its levels.

Inventory:

Potions
 a - a potion of berserk rage
 b - a potion of curing
 c - a potion of lignification


   Skills:
 - Level 4.0 Fighting
 + Level 4.2 Dodging
 + Level 4.2 Stealth
 + Level 0.4 Unarmed Combat


You couldn't memorise any spells.
You didn't know any spells.
Your spell library was empty.

Dungeon Overview and Level Annotations

Branches:
Dungeon (1/15)

Altars:


Innate Abilities, Weirdness & Mutations

You have sharp claws.
You have razor-sharp teeth.
You have supernaturally acute eyesight. (SInv)
You cover ground quickly. (Speed+)
You are covered in fur. (AC +1)
Your paws help you pounce on unaware monsters.
You are incapable of wielding weapons or throwing items.
You cannot wear armour.
You gain extra lives every three experience levels.


Message History

You completely miss the hobgoblin.
The hobgoblin is moderately wounded.
The endoplasm closely misses you. The hobgoblin hits you.
You scratch the hobgoblin but do no damage.
The hobgoblin is moderately wounded.
The endoplasm closely misses you. The hobgoblin hits you.
You are too injured to fight recklessly!
You are too injured to fight recklessly!
You are too injured to fight recklessly!
You are too injured to fight recklessly!
You are too injured to fight recklessly!
You are too injured to fight recklessly!
You are too injured to fight recklessly!
You are too injured to fight recklessly!
You are too injured to fight recklessly!
You are too injured to fight recklessly!
You are too injured to fight recklessly!
You are too injured to fight recklessly!
You are too injured to fight recklessly!
You are too injured to fight recklessly!
You are too injured to fight recklessly!
You are too injured to fight recklessly!
The hobgoblin closely misses you.
There are monsters nearby!
You scratch the endoplasm but do no damage.
The endoplasm freezes you.
You are frozen.
You scratch the endoplasm.
The endoplasm is moderately wounded.
The endoplasm closely misses you.
You scratch the endoplasm.
The endoplasm is heavily wounded.
The endoplasm hits you.
* * * LOW HITPOINT WARNING * * *
You scratch the endoplasm. You bite the endoplasm.
You kill the endoplasm!
You scratch the endoplasm but do no damage.
The endoplasm freezes you.
You are frozen.
You die...

#. ....#.#. .... .
#......##...# # #.
#..#.#......
###.#.##..#.#...#
......)........#
.....#...J..g..#
.....)..####J#.##
.....>... #J#..#
......J... #@#..###
...........#..#...##
...........##.#.#..#
...........##.#....#
...........##...##..#
......##..##....
...#...#(.#....
.#+###'##.# ...
#####.....##### .


You could see 2 endoplasms and a hobgoblin.

Vanquished Creatures
  3 endoplasms (D:1)
  A goblin (D:1)
4 creatures vanquished.

Notes
Turn   | Place    | Note
-------+----------+-------------------------------------------
     0 | D:1      | Descartes the Felid Wanderer began the quest for the Orb.
     0 | D:1      | Descartes set off with the following items: a potion of
                  | berserk rage, a potion of curing, a potion of lignification
     0 | D:1      | Reached XP level 1. HP: 11/11 MP: 2/2
    51 | D:1      | Frozen to death by an endoplasm

Illustrated notes

Levels and vault maps discovered:
D:1:      minmay_arrival_stair_chambers, layout_rooms

Action                   || total
-------------------------++-------
Melee: Unarmed           ||    14
       Bite              ||     1
 Stab: Sleeping          ||     2
Dodge: Dodged            ||     7
